 Dungeon Crawl Stone Soup version 0.31-a0-640-g39d97e502b (webtiles) character file.

Game seed: 14476889333259357296

17364 qw the Marksgargoyle (level 12, -4/77 HPs)
             Began as a Gargoyle Hunter on Aug 27, 2023.
             Was an Elder of Okawaru.
             Slain by Sonja
             ... wielding a +1 dagger of distortion
              (10 damage)
             ... on level 3 of the Lair of Beasts.
             The game lasted 00:05:18 (10774 turns).

qw the Marksgargoyle (Gargoyle Hunter)             Turns: 10774, Time: 00:05:18

Health: -4/77      AC: 29    Str: 16    XL:     12   Next: 47%
Magic:  17/17      EV: 20    Int: 10    God:    Okawaru [****..]
Gold:   482        SH:  0    Dex: 17    Spells: 11/11 levels left

rFire   . . .        Y - +0 longbow
rCold   + . .        (shield currently unavailable)
rNeg    + . .        j - +3 swamp dragon scales
rPois   inf          g - +2 hat
rElec   +            q - +0 cloak
rCorr   .            k - +0 pair of gloves
SInv    .            e - +0 pair of boots
Will    .....        m - amulet of faith
Stlth   +++          n - ring of protection from cold
HPRegen 0.32/turn    f - +5 ring of evasion
MPRegen 0.15/turn

%: faith
@: heroic
A: sickness immunity, AC +8, negative energy resistance 1, electricity
resistance, torment resistance 1, petrification resistance
a: Renounce Religion, Heroism, Finesse


You were on level 3 of the Lair of Beasts.
You worshipped Okawaru.
Okawaru was greatly pleased with you.
You visited 3 branches of the dungeon, and saw 13 of its levels.

You collected 482 gold pieces.


Innate Abilities, Weirdness & Mutations

You are immune to sickness and miasma.
Your stone body is resilient. (AC +8)
You are immune to poison.
You resist negative energy. (rN+)
You are resistant to electric shocks. (rElec)
You are resistant to unholy torment.
You are immune to petrification.


   Skills:
 - Level 10.0(15.0) Fighting
 + Level 15.1(20.1) Ranged Weapons
 - Level 7.0(12.0) Armour
 - Level 4.0(9.0) Dodging
 - Level 1.1(6.1) Stealth
 + Level 7.6 Invocations


You had 11 spell levels left.
You didn't know any spells.
Your spell library was empty.

Inventory:

Hand Weapons
 Y - a +0 longbow (weapon)
Armour
 e - a +0 pair of boots (worn)
 g - a +2 hat (worn)
 j - +3 swamp dragon scales (worn)
 k - a +0 pair of gloves (worn)
 q - a +0 cloak (worn)
Jewellery
 f - a +5 ring of evasion (right hand)
 m - an amulet of faith (around neck)
 n - a ring of protection from cold (left hand)
 p - a ring of willpower
Scrolls
 a - a scroll of identify
 i - 2 scrolls of teleportation
Potions
 b - 3 potions of mutation
 c - 4 potions of curing
 h - a potion of magic
 o - a potion of haste
 r - 2 potions of heal wounds

Dungeon Overview and Level Annotations

Branches:
Dungeon (9/15)             Temple (1/1) D:5            Lair (3/5) D:9
  Swamp: Lair:2-3    Shoals: Lair:2-3     Snake: Lair:2-3    Spider: Lair:2-3
    Orc: D:9-12

Altars:
Ashenzari
Cheibriados
Dithmenos
Elyvilon
Fedhas
Gozag
Hepliaklqana
Makhleb
Nemelex Xobeh
Okawaru
Qazlal
Ru
Sif Muna
Trog
Wu Jian
Yredelemnul
Zin
The Shining One

Shops:
D:2 :

Annotations:
D:4 2 runed translucent doors, qw's ghost, amateur GrHs
D:7 2 transporters, qw's ghost, novice MiHs
Lair:3 Sonja


Message History

The yak is heavily wounded.
You shoot an arrow. The arrow hits the yak.
The yak is severely wounded.
The yak misses you. The yak gores you but does no damage.
You hear a trumpeting!
You shoot an arrow. The arrow closely misses the yak.
The arrow hits the yak!
The yak is moderately wounded.
You hear a shout!
The yak barely misses you. The yak completely misses you.
Sonja, the Graceful Assassin comes into view.
She is wielding a +1 dagger of distortion and quivering curare-tipped darts.
You shoot an arrow. The arrow hits the yak.
The yak is severely wounded.
The yak gores you but does no damage. The yak barely misses you.
You shoot an arrow.
The arrow hits the yak but does no damage.
The yak is severely wounded.
You shoot an arrow. The arrow barely misses the yak.
The arrow hits the yak!
The yak is severely wounded.
The yak gores you but does no damage. x2
You shoot an arrow. The arrow hits the yak.
The yak is severely wounded.
You hear a trumpeting!
The yak gores you. The yak gores you but does no damage.
You hear a trumpeting!
You hear a loud, deep croak!
You shoot an arrow. The arrow hits the yak!!
You kill the yak!
Okawaru accepts your kill. The yak barely misses you.
You shoot an arrow. The arrow hits the yak!!
You kill the yak!
Okawaru accepts your kill. Sonja completely misses you.
Sonja hits you but does no damage. Space warps horribly around you!!
Sonja hits you but does no damage. Space warps horribly around you!!
The yak gores you but does no damage.
You shoot an arrow. The arrow hits Sonja!!
Sonja is severely wounded.
Sonja barely misses you. Sonja hits you but does no damage.
Space warps horribly around you!! Sonja hits you but does no damage.
Space warps horribly around you!
You die...

#. #.# .P
#.## ..
....
.##.P#
.P..# P..#
#K.# #@###
##YY.#
#..h#....#
#..## ....
....# ..#
##.### ..
#. # #. ..


You could see a polar bear, 2 yaks and Sonja.

Vanquished Creatures
  Gastronok (D:8)
  A centaur warrior (D:9)
  2 skysharks (Lair:2)
  An ugly thing (D:9)
  7 cane toads
  A black mamba (Lair:2)
  Maggie (D:6)
  4 komodo dragons
  A rime drake (Lair:1)
  3 hornets (D:9)
  8 blink frogs (Lair:1)
  A wraith (D:9)
  8 yaks
  3 steam dragons
  A basilisk (Lair:1)
  Edmund (D:6)
  An acid dragon (D:9)
  4 water moccasins
  Duvessa (D:6)
  3 orc warriors
  An ice beast (D:6)
  A sky beast (D:5)
  2 black bears
  2 ogres
  21 wolves
  2 centaurs
  4 phantoms
  A kobold brigand (D:7)
  10 bullfrogs
  7 scorpions
  4 wights (D:6)
  Dowan (D:6)
  5 killer bees (D:7)
  An electric eel (Lair:2)
  2 howler monkeys (D:9)
  2 jellies
  7 hounds
  7 orc priests
  A sleepcap (D:4)
  An iguana (D:6)
  Terence (D:3)
  6 orc wizards
  7 hell rats (Lair:2)
  13 adders
  3 shadow imps
  5 white imps
  3 worms
  A dart slug (D:1)
  35 orcs
  4 endoplasms
  A giant cockroach (D:2)
  7 goblins
  8 hobgoblins
  5 quokkas
  8 ball pythons
  5 bats
  5 frilled lizards
  9 kobolds
  4 rats
265 creatures vanquished.

Notes
Turn   | Place    | Note
-------+----------+-------------------------------------------
     0 | D:1      | qw the Gargoyle Hunter began the quest for the Orb.
     0 | D:1      | Reached XP level 1. HP: 12/12 MP: 1/1
     0 | D:1      | 0 ||| qw: Version: 0.3-a-74-g0d5e918
     0 | D:1      | 0 ||| qw: Game counter: 25
     0 | D:1      | 0 ||| qw: Melee chars always use a shield: true
     0 | D:1      | 0 ||| qw: God list: Okawaru
     0 | D:1      | 0 ||| qw: Allow faded altars: false
     0 | D:1      | 0 ||| qw: Do Orc after clearing Dungeon:15 true
     0 | D:1      | 0 ||| qw: Do second Lair branch before Depths: true
     0 | D:1      | 0 ||| qw: Lair rune preference: random
     0 | D:1      | 0 ||| qw: Goals: Normal
     0 | D:1      | 0 ||| PLANNING D:1-11
   128 | D:1      | Reached XP level 2. HP: 17/17 MP: 2/2
   636 | D:1      | 636 ||| UPGRADING to +0 ring mail.
   646 | D:1      | 646 ||| DROPPING +0 leather armour.
   647 | D:1      | 647 ||| READING 2 scrolls labelled RELEODOCLI.
   648 | D:1      | 648 ||| READING scroll labelled EGUFEIBI LARR.
   649 | D:1      | 649 ||| DROPPING scroll of butterflies.
   673 | D:2      | Reached skill level 1 in Armour
   673 | D:2      | Reached XP level 3. HP: 21/21 MP: 3/3
   785 | D:2      | Reached skill level 5 in Ranged Weapons
  1085 | D:2      | Found Sogehise's Book Shoppe.
  1270 | D:2      | 1270 ||| UPGRADING to +0 pair of gloves.
  1275 | D:2      | 1275 ||| READING 2 scrolls labelled FIPUTY HAENE.
  1276 | D:2      | 1276 ||| READING 3 scrolls labelled KOLUDU IRUO.
  1281 | D:2      | 1281 ||| READING scroll labelled WYINASU KEITIS.
  1282 | D:2      | 1282 ||| READING scroll labelled YSOUCW UDWAIT.
  1299 | D:2      | 1299 ||| DROPPING scroll of blinking.
  1358 | D:3      | Reached XP level 4. HP: 27/27 MP: 4/4
  1365 | D:3      | Reached skill level 3 in Fighting
  1420 | D:3      | Identified the +9 hand axe "Ijoicom" {flame, rCorr SInv}
  1458 | D:3      | 1458 ||| READING scroll of enchant weapon.
  1458 | D:3      | 1458 ||| ENCHANTING +1 shortbow.
  1561 | D:3      | Found a faded altar of an unknown god.
  1712 | D:3      | Noticed Terence
  1726 | D:3      | Killed Terence
  1727 | D:3      | Reached XP level 5. HP: 17/32 MP: 5/5
  1973 | D:3      | 1973 ||| READING scroll labelled AZEN ANNEFF.
  2074 | D:3      | 2074 ||| READING scroll labelled AHYRHO BUPHA.
  2075 | D:3      | 2075 ||| READING 2 scrolls labelled USICEINOWK.
  2076 | D:3      | 2076 ||| DRINKING 2 fizzy ruby potions.
  2077 | D:3      | 2077 ||| READING 2 scrolls of identify.
  2077 | D:3      | 2077 ||| IDENTIFYING lumpy pink potion
  2078 | D:3      | 2078 ||| DROPPING potion of attraction.
  2079 | D:3      | 2079 ||| DROPPING scroll of revelation.
  2202 | D:4      | Noticed a phantom
  2211 | D:4      | Killed a phantom
  2212 | D:4      | Reached skill level 6 in Ranged Weapons
  2227 | D:4      | 2227 ||| FLEEEEING.
  2278 | D:4      | Reached XP level 6. HP: 26/38 MP: 6/6
  2374 | D:4      | Found a shadowy altar of Dithmenos.
  2395 | D:4      | Found a white marble altar of Elyvilon.
  2440 | D:4      | Found a large runed translucent door.
  2440 | D:4      | Found a large runed translucent door.
  2445 | D:4      | Noticed qw's ghost (amateur GrHs)
  2504 | D:4      | HP: 9/39 [ogre/+0 giant spiked club (15)]
  2505 | D:4      | 2505 ||| READING 3 scrolls of teleportation.
  2637 | D:4      | Found a glowing golden altar of the Shining One.
  2666 | D:4      | 2666 ||| Stepping ~*~*~tactically~*~*~ (outnumbered).
  2669 | D:4      | 2669 ||| Stepping ~*~*~tactically~*~*~ (outnumbered).
  2675 | D:4      | 2675 ||| Stepping ~*~*~tactically~*~*~ (outnumbered).
  2686 | D:4      | 2686 ||| DRINKING potion of curing.
  2686 | D:4      | 2686 ||| (to cure confusion)
  2697 | D:4      | HP: 8/39 [something (2)]
  2698 | D:4      | 2698 ||| READING 2 scrolls of teleportation.
  2858 | D:4      | Reached skill level 7 in Ranged Weapons
  2858 | D:4      | Reached XP level 7. HP: 41/44 MP: 7/7
  3196 | D:4      | Reached skill level 8 in Ranged Weapons
  3245 | D:4      | 3245 ||| READING scroll labelled ETTOF NAWK.
  3259 | D:5      | Entered Level 5 of the Dungeon
  3315 | D:5      | Found a staircase to the Ecumenical Temple.
  3316 | D:5      | 3316 ||| PLANNING TEMPLE
  3324 | Temple   | Entered the Ecumenical Temple
  3325 | Temple   | 3325 ||| PLANNING OKAWARU WORSHIP
  3329 | Temple   | Became a worshipper of Warmaster Okawaru
  3330 | Temple   | 3330 ||| PLANNING D:1-11
  3389 | D:5      | Reached XP level 8. HP: 49/49 MP: 8/8
  3442 | D:5      | 3442 ||| FLEEEEING.
  3443 | D:5      | 3443 ||| FLEEEEING.
  3444 | D:5      | 3444 ||| FLEEEEING.
  3445 | D:5      | 3445 ||| FLEEEEING.
  3446 | D:5      | 3446 ||| FLEEEEING.
  3447 | D:5      | 3447 ||| FLEEEEING.
  3455 | D:5      | 3455 ||| FLEEEEING.
  3456 | D:5      | 3456 ||| FLEEEEING.
  3457 | D:5      | 3457 ||| FLEEEEING.
  3458 | D:5      | 3458 ||| FLEEEEING.
  3459 | D:5      | 3459 ||| FLEEEEING.
  3460 | D:5      | 3460 ||| FLEEEEING.
  3461 | D:5      | 3461 ||| FLEEEEING.
  3462 | D:5      | 3462 ||| FLEEEEING.
  3463 | D:5      | 3463 ||| FLEEEEING.
  3464 | D:5      | 3464 ||| FLEEEEING.
  3465 | D:5      | 3465 ||| FLEEEEING.
  3466 | D:5      | 3466 ||| FLEEEEING.
  3467 | D:5      | 3467 ||| FLEEEEING.
  3468 | D:5      | 3468 ||| FLEEEEING.
  3469 | D:5      | 3469 ||| FLEEEEING.
  3470 | D:5      | 3470 ||| FLEEEEING.
  3472 | D:5      | 3472 ||| FLEEEEING.
  3473 | D:5      | 3473 ||| FLEEEEING.
  3474 | D:5      | 3474 ||| FLEEEEING.
  3475 | D:5      | 3475 ||| FLEEEEING.
  3476 | D:5      | 3476 ||| FLEEEEING.
  3487 | D:5      | 3487 ||| FLEEEEING.
  3488 | D:5      | 3488 ||| FLEEEEING.
  3491 | D:5      | 3491 ||| STAIRDANCE
  3574 | D:4      | 3574 ||| READING scroll labelled EMIAPT BYOSIUSK.
  3592 | D:5      | 3592 ||| STAIRDANCE
  3837 | D:5      | HP: 12/49 [black bear (5)]
  3838 | D:5      | 3838 ||| READING scroll of teleportation.
  3840 | D:5      | Reached skill level 9 in Ranged Weapons
  4051 | D:5      | Identified the +7 sling of Xom, Hurtling {drain, rCorr}
  4053 | D:5      | 4053 ||| SWAPPING to +7 sling of Xom, Hurtling {drain,
                  | rCorr}.
  4054 | D:5      | 4054 ||| DROPPING +2 shortbow.
  4149 | D:5      | Found a stormy altar of Qazlal.
  4226 | D:5      | 4226 ||| Stepping ~*~*~tactically~*~*~ (outnumbered).
  4233 | D:5      | Reached * piety under Okawaru
  4251 | D:5      | 4251 ||| INVOKING Heroism.
  4261 | D:5      | Reached skill level 6 in Fighting
  4280 | D:5      | 4280 ||| READING 2 scrolls of identify.
  4280 | D:5      | 4280 ||| IDENTIFYING sedimented green potion
  4296 | D:6      | 4296 ||| STAIRDANCE
  4339 | D:6      | 4339 ||| STAIRDANCE
  4349 | D:5      | Reached skill level 1 in Invocations
  4412 | D:6      | Noticed Edmund
  4414 | D:6      | 4414 ||| INVOKING Heroism.
  4426 | D:6      | Killed Edmund
  4450 | D:6      | 4450 ||| INVOKING Heroism.
  4480 | D:6      | Noticed Dowan
  4481 | D:6      | 4481 ||| INVOKING Heroism.
  4495 | D:6      | Killed Dowan
  4496 | D:6      | Reached XP level 9. HP: 37/55 MP: 8/10
  4501 | D:6      | Reached skill level 10 in Ranged Weapons
  4577 | D:6      | Noticed Duvessa
  4578 | D:6      | 4578 ||| SWAPPING to +0 longbow.
  4585 | D:6      | HP: 10/55 [Duvessa/+0 short sword (8)]
  4587 | D:6      | Killed Duvessa
  4746 | D:6      | 4746 ||| DROPPING +7 sling of Xom, Hurtling {drain, rCorr}.
  4840 | D:6      | 4840 ||| RETREATING.
  4895 | D:6      | 4895 ||| RETREATING.
  4896 | D:6      | 4896 ||| Stepping ~*~*~tactically~*~*~ (retreating).
  4898 | D:6      | Reached skill level 3 in Invocations
  4898 | D:6      | 4898 ||| Stepping ~*~*~tactically~*~*~ (retreating).
  4899 | D:6      | 4899 ||| Stepping ~*~*~tactically~*~*~ (retreating).
  4900 | D:6      | 4900 ||| Stepping ~*~*~tactically~*~*~ (retreating).
  4902 | D:6      | 4902 ||| INVOKING Heroism.
  5034 | D:6      | Noticed Maggie
  5041 | D:6      | 5041 ||| INVOKING Heroism.
  5042 | D:6      | HP: 6/57 [Maggie/bolt of fire (21)]
  5050 | D:6      | Killed Maggie
  5287 | D:6      | Found a broken altar of Ashenzari.
  5467 | D:6      | 5467 ||| INVOKING Heroism.
  5492 | D:6      | Reached skill level 11 in Ranged Weapons
  5494 | D:6      | Reached ** piety under Okawaru
  5522 | D:6      | Identified the +6 chain mail of Freedom {rN++ MP+9}
  5666 | D:6      | 5666 ||| UPGRADING to +2 swamp dragon scales.
  5676 | D:6      | 5676 ||| DROPPING +0 ring mail.
  5677 | D:6      | 5677 ||| UPGRADING to ring of willpower.
  5678 | D:6      | 5678 ||| READING 3 scrolls labelled ALESO RU DIAN.
  5679 | D:6      | 5679 ||| DRINKING 2 puce potions.
  5680 | D:6      | 5680 ||| DROPPING 2 scrolls of amnesia.
  5724 | D:7      | Reached skill level 3 in Armour
  5738 | D:7      | 5738 ||| INVOKING Heroism.
  5740 | D:7      | 5740 ||| RETREATING.
  5754 | D:7      | Reached skill level 3 in Dodging
  5777 | D:7      | 5777 ||| INVOKING Heroism.
  5923 | D:7      | Found a transporter.
  5975 | D:7      | 5975 ||| RETREATING.
  5981 | D:7      | Reached XP level 10. HP: 63/63 MP: 13/13
  5985 | D:7      | 5985 ||| INVOKING Heroism.
  5994 | D:7      | HP: 13/63 [orc warrior/+0 war axe (8)]
  5995 | D:7      | 5995 ||| DRINKING potion of heal wounds.
  6011 | D:7      | 6011 ||| FLEEEEING.
  6012 | D:7      | 6012 ||| FLEEEEING.
  6019 | D:7      | 6019 ||| STAIRDANCE
  6096 | D:6      | 6096 ||| UPGRADING to +5 ring of evasion.
  6097 | D:6      | 6097 ||| DRINKING 3 emerald potions.
  6202 | D:6      | 6202 ||| DRINKING 2 green potions.
  6203 | D:6      | 6203 ||| DROPPING 2 potions of berserk rage.
  6204 | D:6      | 6204 ||| DROPPING potion of brilliance.
  6249 | D:7      | Found a transporter.
  6254 | D:7      | Noticed qw's ghost (novice MiHs)
  6397 | D:7      | Found an opulent altar of Gozag.
  6397 | D:7      | Found a glowing silver altar of Zin.
  6420 | D:7      | 6420 ||| UPGRADING to +0 pair of boots.
  6492 | D:8      | 6492 ||| INVOKING Heroism.
  6495 | D:8      | 6495 ||| Stepping ~*~*~tactically~*~*~ (cloud).
  6569 | D:8      | Noticed Gastronok
  6570 | D:8      | 6570 ||| INVOKING Heroism.
  6581 | D:8      | 6581 ||| RETREATING.
  6582 | D:8      | 6582 ||| Stepping ~*~*~tactically~*~*~ (retreating).
  6584 | D:8      | 6584 ||| Stepping ~*~*~tactically~*~*~ (retreating).
  6586 | D:8      | 6586 ||| Stepping ~*~*~tactically~*~*~ (retreating).
  6587 | D:8      | 6587 ||| RETREATING.
  6588 | D:8      | 6588 ||| Stepping ~*~*~tactically~*~*~ (outnumbered).
  6593 | D:8      | 6593 ||| INVOKING Heroism.
  6605 | D:8      | HP: 13/64 [Gastronok/the air (23)]
  6606 | D:8      | 6606 ||| READING scroll of teleportation.
  6607 | D:8      | 6607 ||| DRINKING potion of heal wounds.
  6610 | D:8      | 6610 ||| INVOKING Heroism.
  6744 | D:8      | 6744 ||| INVOKING Heroism.
  6754 | D:8      | HP: 16/64 [Gastronok/the air (35)]
  6757 | D:8      | HP: 2/64 [Gastronok/the air (15)]
  6758 | D:8      | Killed Gastronok
  6759 | D:8      | Reached skill level 12 in Ranged Weapons
  7017 | D:8      | 7017 ||| FLEEEEING.
  7236 | D:8      | 7236 ||| UPGRADING to +2 hat.
  7241 | D:8      | 7241 ||| READING 2 scrolls of identify.
  7241 | D:8      | 7241 ||| IDENTIFYING orange potion
  7242 | D:8      | 7242 ||| DROPPING potion of lignification.
  7618 | D:9      | 7618 ||| INVOKING Heroism.
  7622 | D:9      | Noticed a green ugly thing
  7623 | D:9      | Noticed a centaur warrior
  7635 | D:9      | Killed a green ugly thing
  7636 | D:9      | Reached skill level 13 in Ranged Weapons
  7642 | D:9      | Killed a centaur warrior
  7642 | D:9      | Reached *** piety under Okawaru
  7643 | D:9      | Reached skill level 9 in Fighting
  7643 | D:9      | Reached XP level 11. HP: 55/71 MP: 14/14
  7941 | D:9      | 7941 ||| RETREATING.
  7967 | D:9      | 7967 ||| INVOKING Heroism.
  8034 | D:9      | Found a staircase to the Lair.
  8188 | D:9      | Found a shimmering blue altar of Sif Muna.
  8189 | D:9      | 8189 ||| PLANNING LAIR
  8189 | D:9      | 8189 ||| DROPPING amulet of magic regeneration.
  8190 | D:9      | 8190 ||| DROPPING ring of ice.
  8191 | D:9      | 8191 ||| UPGRADING to ring of protection from cold.
  8193 | D:9      | 8193 ||| READING 3 scrolls of identify.
  8193 | D:9      | 8193 ||| IDENTIFYING golden potion
  8194 | D:9      | 8194 ||| READING 2 scrolls of identify.
  8194 | D:9      | 8194 ||| IDENTIFYING dark potion
  8292 | Lair:1   | Entered Level 1 of the Lair of Beasts
  8293 | Lair:1   | 8293 ||| Stepping ~*~*~tactically~*~*~ (retreating).
  8294 | Lair:1   | 8294 ||| Stepping ~*~*~tactically~*~*~ (retreating).
  8295 | Lair:1   | 8295 ||| Stepping ~*~*~tactically~*~*~ (retreating).
  8296 | Lair:1   | 8296 ||| INVOKING Heroism.
  8312 | Lair:1   | 8312 ||| INVOKING Heroism.
  8322 | Lair:1   | HP: 11/71 [komodo dragon (11)]
  8323 | Lair:1   | 8323 ||| READING 2 scrolls of teleportation.
  8325 | Lair:1   | Reached skill level 14 in Ranged Weapons
  8598 | Lair:1   | 8598 ||| INVOKING Heroism.
  8605 | Lair:1   | 8605 ||| RETREATING.
  8606 | Lair:1   | 8606 ||| Stepping ~*~*~tactically~*~*~ (retreating).
  8607 | Lair:1   | 8607 ||| Stepping ~*~*~tactically~*~*~ (retreating).
  8620 | Lair:1   | 8620 ||| INVOKING Heroism.
  8629 | Lair:1   | Reached skill level 6 in Armour
  8702 | Lair:1   | 8702 ||| RETREATING.
  8705 | Lair:1   | Reached **** piety under Okawaru
  8740 | Lair:1   | 8740 ||| INVOKING Heroism.
  8742 | Lair:1   | 8742 ||| RETREATING.
  8743 | Lair:1   | 8743 ||| Stepping ~*~*~tactically~*~*~ (retreating).
  8744 | Lair:1   | 8744 ||| Stepping ~*~*~tactically~*~*~ (retreating).
  8745 | Lair:1   | 8745 ||| Stepping ~*~*~tactically~*~*~ (retreating).
  8746 | Lair:1   | 8746 ||| Stepping ~*~*~tactically~*~*~ (retreating).
  8754 | Lair:1   | 8754 ||| Stepping ~*~*~tactically~*~*~ (retreating).
  8755 | Lair:1   | 8755 ||| Stepping ~*~*~tactically~*~*~ (retreating).
  8756 | Lair:1   | 8756 ||| Stepping ~*~*~tactically~*~*~ (retreating).
  8757 | Lair:1   | 8757 ||| Stepping ~*~*~tactically~*~*~ (retreating).
  8758 | Lair:1   | 8758 ||| Stepping ~*~*~tactically~*~*~ (retreating).
  8759 | Lair:1   | 8759 ||| Stepping ~*~*~tactically~*~*~ (retreating).
  8760 | Lair:1   | 8760 ||| INVOKING Heroism.
  8762 | Lair:1   | 8762 ||| Stepping ~*~*~tactically~*~*~ (retreating).
  8764 | Lair:1   | 8764 ||| Stepping ~*~*~tactically~*~*~ (retreating).
  8765 | Lair:1   | 8765 ||| Stepping ~*~*~tactically~*~*~ (retreating).
  8781 | Lair:1   | 8781 ||| INVOKING Heroism.
  9415 | Lair:1   | 9415 ||| UPGRADING to +0 cloak.
  9420 | Lair:1   | 9420 ||| UPGRADING to amulet of faith.
  9425 | Lair:1   | 9425 ||| READING scroll labelled NAESUNIUCOCO.
  9426 | Lair:1   | 9426 ||| READING 2 scrolls of identify.
  9426 | Lair:1   | 9426 ||| IDENTIFYING inky potion
  9427 | Lair:1   | 9427 ||| DROPPING potion of degeneration.
  9454 | Lair:2   | 9454 ||| INVOKING Heroism.
  9513 | Lair:2   | 9513 ||| INVOKING Heroism.
  9616 | Lair:2   | Reached XP level 12. HP: 77/77 MP: 15/15
  9637 | Lair:2   | Noticed a skyshark
  9639 | Lair:2   | 9639 ||| RETREATING.
  9647 | Lair:2   | 9647 ||| Stepping ~*~*~tactically~*~*~ (retreating).
  9649 | Lair:2   | 9649 ||| Stepping ~*~*~tactically~*~*~ (retreating).
  9651 | Lair:2   | 9651 ||| Stepping ~*~*~tactically~*~*~ (retreating).
  9652 | Lair:2   | 9652 ||| Stepping ~*~*~tactically~*~*~ (retreating).
  9657 | Lair:2   | 9657 ||| INVOKING Heroism.
  9659 | Lair:2   | Killed a skyshark
  9698 | Lair:2   | Reached skill level 6 in Invocations
  9723 | Lair:2   | 9723 ||| INVOKING Heroism.
  9890 | Lair:2   | Reached skill level 15 in Ranged Weapons
  9980 | Lair:2   | Reached ***** piety under Okawaru
 10018 | Lair:2   | Noticed a skyshark
 10020 | Lair:2   | 10020 ||| RETREATING.
 10027 | Lair:2   | 10027 ||| INVOKING Heroism.
 10046 | Lair:2   | Killed a skyshark
 10190 | Lair:2   | 10190 ||| READING scroll of enchant armour.
 10190 | Lair:2   | 10190 ||| ENCHANTING +2 swamp dragon scales.
 10382 | Lair:2   | 10382 ||| RETREATING.
 10745 | Lair:3   | 10745 ||| Stepping ~*~*~tactically~*~*~ (retreating).
 10746 | Lair:3   | 10746 ||| Stepping ~*~*~tactically~*~*~ (retreating).
 10755 | Lair:3   | 10755 ||| INVOKING Heroism.
 10767 | Lair:3   | Noticed Sonja
 10774 | Lair:3   | HP: 6/77 [Sonja/+1 dagger of distortion (25)]
 10774 | Lair:3   | Slain by Sonja

Levels and vault maps discovered:
D:1:      dpeg_arrival_refuge, layout_loops_ring
D:2:      layout_basic, serial_shops, shop, nicolae_eternal_life,
          nicolae_twisty_statue_hallways
D:3:      layout_basic, hellmonk_ecumenical_altar_leap_of_faith,
          hangedman_abyss_or_decor_stabs, uniq_terence
D:4:      layout_cave_pools, elyvilon_altar_1,
          nicolae_dithmenos_through_a_glass_darkly,
          nicolae_tso_carved_into_rock, ebering_ghost_disaster_area,
          minmay_fractal_squares_diagonal_5
D:5:      layout_rooms, overflow_temple_1_default, minmay_temple_entry_tees,
          solitary_fountain, chequers_serial_rivers_room_b, nicolae_titane
D:6:      minmay_bubble_buster, layout_cave_pools, kennysheep_little_box,
          kennysheep_pointless_box, uniq_duvessa, uniq_maggie, uniq_edmund
D:7:      layout_basic, grunt_temple_overflow_gold_and_silver,
          gammafunk_ghost_stat_death
D:8:      layout_cave_pools, uniq_gastronok
D:9:      layout_loops_ring, lemuel_blue_sif_altar, david_lair_shrubbed,
          minmay_bent
Temple:   hellmonk_temple_micro_hex
Lair:1:   layout_loops_ring
Lair:2:   layout_loops_ring, minivault_23, serial_bayou_crossing,
          serial_bayou_shore_a, grunt_megastairs_5
Lair:3:   layout_loops_ring, elwin_shoals_entry_rooms,
          spider_nest_entry_funnel_web, basic_altar, lemuel_fruit_tree,
          infiniplex_staircase_pool_2, uniq_sonja

Skill      XL: |  1  2  3  4  5  6  7  8  9 10 11 12 |
---------------+-------------------------------------+-----
Armour         | 1 2 4 5 6 7 |  7.0
Ranged Weapons | 5 6 7 8 9 11 13 14 15 | 15.1
Fighting       | 3 4 5 6 7 9 10 | 10.0
Dodging        | 2 3 4 |  4.0
Invocations    | 1 4 5 7 |  7.6
Stealth        | |  1.1

Action                     |  1- 3 |  4- 6 |  7- 9 | 10-12 || total
---------------------------+-------+-------+-------+-------++-------
   Fire: Shortbow          |    97 |   185 |   154 |       ||   436
         Sling             |       |       |    86 |       ||    86
         Longbow           |       |       |   129 |   579 ||   708
 Invoke: Heroism           |       |       |     9 |    21 ||    30
    Use: Scroll            |     6 |     7 |     5 |     8 ||    26
         Potion            |       |     2 |     1 |     4 ||     7
 Armour: Leather armour    |     2 |       |       |       ||     2
         Ring mail         |    17 |    87 |   128 |       ||   232
         Swamp dragon scal |       |       |    15 |   215 ||   230
  Dodge: Dodged            |    28 |    69 |   142 |   424 ||   663

Table legend:
 A = Non-vault XP
 B = Vault XP
 C = Vault XP percentage of total XP
 D = Non-vault monster count
 E = Vault monster count
 F = Vault count percentage of total count
                 A         B        C        D         E       F
            +---------+---------+-------+---------+---------+-------
      Total |   19026 |    5780 |  23.3 |     228 |      37 |  14.0
            +---------+---------+-------+---------+---------+-------
        D:1 |      30 |       0 |   0.0 |      18 |       0 |   0.0
        D:2 |      51 |       0 |   0.0 |      15 |       0 |   0.0
        D:3 |      60 |      36 |  37.5 |      19 |       1 |   5.0
        D:4 |     674 |     182 |  21.3 |      25 |       7 |  21.9
        D:5 |     955 |       0 |   0.0 |      19 |       0 |   0.0
        D:6 |     719 |    1376 |  65.7 |      17 |      17 |  50.0
        D:7 |    1188 |       0 |   0.0 |      29 |       0 |   0.0
        D:8 |     488 |    1440 |  74.7 |       5 |       1 |  16.7
        D:9 |    2331 |    2098 |  47.4 |      20 |       7 |  25.9
     Lair:1 |    5522 |       0 |   0.0 |      25 |       0 |   0.0
     Lair:2 |    6178 |     648 |   9.5 |      32 |       4 |  11.1
     Lair:3 |     830 |       0 |   0.0 |       4 |       0 |   0.0
            +---------+---------+-------+---------+---------+-------
